 Dungeon Crawl Stone Soup version 0.17.0-28-g6e173f8 (webtiles) character file.

238 Lathuz the Conjurer (level 5, 0/28 HPs)
             Began as a Deep Elf Conjurer on Nov 29, 2015.
             Slain by Edmund
             ... wielding a +0 dire flail
              (11 damage)
             ... on level 3 of the Dungeon.
             The game lasted 00:08:51 (3672 turns).

Lathuz the Conjurer (Deep Elf Conjurer)             Turns: 3672, Time: 00:08:51

Health: 0/28       AC:  2    Str:  5    XL:     5   Next: 78%
Magic:  6/11       EV: 13    Int: 21    God:
Gold:   138        SH:  0    Dex: 18    Spells: 2 memorised, 4 levels left

rFire  . . .     SeeInvis .     e - +0 short sword
rCold  . . .     Rnd*Rage +     a - +0 robe
rNeg   . . .     SustAt   .     (no shield)
rPois  .         Gourm    .     (no helmet)
rElec  .         Spirit   .     (no cloak)
rCorr  .         Warding  .     (no gloves)
rMut   .         Stasis   .     (no boots)
MR     .....                    (no amulet)
Stlth  +++.......               s - +5 ring of dexterity
                                l - ring of stealth

@: not resistant to hostile enchantments, fairly stealthy
A: berserk 1, clumsy 1
a: no special abilities


You were on level 3 of the Dungeon.
You were very hungry.

You visited 1 branch of the dungeon, and saw 4 of its levels.

You collected 138 gold pieces.

Inventory:

Hand Weapons
 e - a +0 short sword (weapon)
Armour
 a - a +0 robe (worn)
Jewellery
 l - a ring of stealth (left hand)
 s - a +5 ring of dexterity (right hand)
 t - an uncursed ring of protection from fire
Scrolls
 d - 2 scrolls of fear {unknown}
 g - 5 scrolls of identify {unknown}
 h - a scroll of immolation {unknown}
 k - a scroll of magic mapping {unknown}
 m - 2 scrolls of recharging {unknown}
 n - 2 scrolls of remove curse {unknown}
 v - a scroll of noise {unknown}
 x - 3 scrolls of enchant armour {unknown}
Potions
 f - 2 potions of curing {unknown}
 i - a potion of cure mutation {unknown}
 j - a potion of brilliance {unknown}
 p - 2 potions of poison {unknown}
 q - a potion of mutation {unknown}
 w - a potion of resistance {unknown}
Books
 b - a book of Conjurations

   Spells                             Type                      Level
   a - Magic Dart                     Conjuration                  1
   b - Searing Ray                    Conjuration                  2
   c - Dazzling Spray                 Conjuration/Hexes            3
   d - Fulminant Prism                Conjuration/Hexes            4
   e - Iskenderun's Mystic Blast      Conjuration                  4
   f - Iskenderun's Battlesphere      Conjuration/Charms           5
 o - a book of Summonings

   Spells                             Type                      Level
   a - Recall                         Summoning/Translocation      3
   b - Aura of Abjuration             Summoning                    5
   c - Shadow Creatures               Summoning                    5
   d - Summon Demon                   Summoning                    5
   e - Summon Forest                  Summoning/Translocation      5
   f - Summon Mana Viper              Hexes/Summoning              5
Comestibles
 c - 3 bread rations
 r - a meat ration
 u - 2 beef jerkies


   Skills:
 - Level 2.4 Dodging
 - Level 2.4 Stealth
 - Level 3.0 Spellcasting
 + Level 7.4 Conjurations
 + Level 2.6 Charms


You had 4 spell levels left.
You knew the following spells:

 Your Spells              Type           Power        Failure   Level  Hunger
a - Magic Dart            Conj           ####         1%          1    None
b - Iskenderun's Battles  Conj/Chrm      ###.....     54%         5    ######.


Dungeon Overview and Level Annotations

Branches:
Dungeon (4/15)
 Temple: D:4-7

Altars:
Xom

Shops:
D:4 (

Annotations:
D:2 Sigmund
D:3 Edmund
D:4 Grinder


Innate Abilities, Weirdness & Mutations

You tend to lose your temper in combat.
You are clumsy. (Dex -2)


Message History

Edmund says, "I might not be good at magic, but I can still kill you!"
Edmund hits you with a dire flail.
You climb upwards.
There is a stone staircase leading down here.
Edmund hits you with a dire flail.
You are feeling very hungry.
There is an open door here.
There's a creature in the doorway!
Casting: Magic Dart
Confirm with . or Enter, or press ? or * to list all spells.
Aiming: Magic Dart
Press: ? - help, Shift-Dir - straight line, f - Edmund
Aim: Edmund, wielding a dire flail and wearing a scale mail (moderately wounded)
The magic dart hits Edmund.
Edmund is moderately wounded.
Edmund closely misses you.
You hit Edmund but do no damage.
Edmund is moderately wounded.
Edmund hits you with a dire flail!
You die...

..........#..#.##...#.# #.
#########.#..#.##...#.##########.
#########.#....##...#............
...............###.##...########.
......###.#...># #.##...# #.
.####.###.#..### #.##...# #.
.##.......#..# ###......# #####.
).....#####..###...#....# #.....
......## #....@@....#### #.....
.......#####.###...### #.....
.#...........# #...# #.....
.##...######.# #...# #.....
.##...# #.# #...# #...(. .##...#
#.# ##### #....( .##...# #.#
#..... .##...# #.# #..... ......#
#.# ##.##.


You could see Edmund.

Vanquished Creatures
  An ogre (D:4)
  An orc priest (D:3)
  7 adders
  A gnoll (D:3)
  2 oozes (D:1)
  4 orcs (D:3)
  A bat (D:1)
  A giant cockroach (D:2)
  4 goblins
  7 hobgoblins
  2 quokkas
  3 ball pythons
  2 giant geckos
  2 giant newts (D:3)
  6 kobolds
  6 rats
50 creatures vanquished.

Vanquished Creatures (others)
  A kobold (D:1)
1 creature vanquished.

Grand Total: 51 creatures vanquished

Notes
Turn   | Place    | Note
--------------------------------------------------------------
     0 | D:1      | Lathuz the Deep Elf Conjurer began the quest for the Orb.
     0 | D:1      | Reached XP level 1. HP: 10/10 MP: 6/6
   195 | D:1      | Reached XP level 2. HP: 15/15 MP: 5/8
   266 | D:1      | Reached skill level 5 in Conjurations
   760 | D:1      | Reached XP level 3. HP: 19/19 MP: 7/9
   992 | D:2      | Noticed Sigmund
  1877 | D:3      | Reached skill level 6 in Conjurations
  1969 | D:3      | Reached XP level 4. HP: 24/24 MP: 4/10
  2212 | D:4      | Found Uwym's Weapon Shoppe.
  2249 | D:4      | Noticed an ogre
  2265 | D:4      | Killed an ogre
  2265 | D:4      | Reached skill level 7 in Conjurations
  2265 | D:4      | Reached XP level 5. HP: 8/28 MP: 4/11
  2272 | D:4      | Learned a level 5 spell: Iskenderun's Battlesphere
  2563 | D:4      | Noticed Grinder
  2565 | D:4      | Noticed Edmund
  2800 | D:3      | Reached skill level 1 in Charms
  3393 | D:3      | Gained mutation: You are clumsy. (Dex -2) [mutagenic glow]
  3424 | D:3      | Gained mutation: You tend to lose your temper in combat. [mutagenic glow]
  3462 | D:3      | Found a shimmering altar of Xom.
  3672 | D:3      | Slain by Edmund

Action                   |  1- 3 |  4- 6 || total
-------------------------+-------+-------++-------
Melee: Short sword       |       |     1 ||     1
 Cast: Magic Dart        |    66 |    62 ||   128
  Eat: Bread ration      |     1 |       ||     1
       Chunk             |       |     3 ||     3
